 Dungeon Crawl Stone Soup version 0.31-a0-233-g139696dc86 (webtiles) character file.

Game seed: 11146526396194707748

19 qw the Shooter (level 2, -4/24 HPs)
             Began as a Minotaur Hexslinger on July 9, 2023.
             Slain by Terence
             ... wielding a +0 flail
              (6 damage)
             ... on level 1 of the Dungeon.
             The game lasted 00:00:16 (1093 turns).

qw the Shooter (Minotaur Hexslinger)                Turns: 1093, Time: 00:00:17

Health: -4/24      AC:  3    Str: 12    XL:     2   Next: 55%
Magic:  2/2        EV: 11    Int: 10    God:
Gold:   104        SH:  0    Dex: 12    Spells: 2/3 levels left

rFire   . . .        Y - +1 sling
rCold   . . .        (no shield)
rNeg    . . .        d - +0 leather armour
rPois   .            (helmet restricted)
rElec   .            (no cloak)
rCorr   .            (no gloves)
SInv    .            (no boots)
Will    .....        (no amulet)
Stlth   +            (no ring)
HPRegen 0.24/turn    (no ring)
MPRegen 0.08/turn

%: no passive effects
@: no status effects
A: horns 2, retaliatory headbutt
a: no special abilities


You were on level 1 of the Dungeon.
You visited 1 branch of the dungeon, and saw 2 of its levels.

You collected 104 gold pieces.


Innate Abilities, Weirdness & Mutations

You have a pair of horns on your head.
You reflexively headbutt those who attack you in melee.


   Skills:
 - Level 2.0 Fighting
 + Level 3.2 Ranged Weapons
 - Level 2.1 Dodging
 - Level 1.0 Spellcasting
 - Level 2.0 Hexes


You had 2 spell levels left.
You knew the following spells:

 Your Spells              Type           Power      Damage    Failure   Level
a - Slow                  Hex            16%        N/A       19%         1

Your spell library contained the following spells:

 Spells                   Type           Power      Damage    Failure   Level
 Inner Flame              Hex/Fire       2%         N/A       65%         3
 Portal Projectile        Hex/Tloc       4%         N/A       65%         3
 Cause Fear               Hex            2%         N/A       88%         4

Inventory:

Hand Weapons
 Y - a +1 sling (weapon)
Armour
 d - a +0 leather armour (worn)
Potions
 g - a potion of enlightenment {unknown}
 h - a potion of mutation {unknown}
 i - a potion of brilliance {unknown}

Dungeon Overview and Level Annotations

Branches:
Dungeon (2/15)

Altars:

Annotations:
D:1 Terence


Message History

There is a stone staircase leading down here.
You climb downwards.
Found 7 gold pieces.
There is a stone staircase leading up here.
Terence is nearby!
Waypoint 1 assigned to D:2.
You shoot a sling bullet.
The sling bullet hits Terence but does no damage.
Terence shouts!
You shoot a sling bullet. The sling bullet barely misses Terence.
Terence barely misses you.
You shoot a sling bullet.
The sling bullet hits Terence but does no damage.
Terence closely misses you. Terence hits you but does no damage.
You shoot a sling bullet. The sling bullet barely misses Terence.
Terence misses you. You furiously retaliate!
You headbutt Terence. You shoot a sling bullet.
The sling bullet barely misses Terence.
Terence hits you with a +0 flail.
1087 ||| STAIRDANCE Terence barely misses you.
You climb upwards.
There is a stone staircase leading down here.
Enter note:
Enter note:
Enter note:
Enter note: You shoot a sling bullet.
The sling bullet barely misses Terence.
Terence barely misses you.
You shoot a sling bullet. The sling bullet hits Terence.
Terence is moderately wounded.
Terence hits you with a +0 flail! x2
You shoot a sling bullet. The sling bullet hits Terence.
Terence is heavily wounded.
Terence misses you.
You shoot a sling bullet.
The sling bullet hits Terence but does no damage.
Terence is heavily wounded.
Terence barely misses you.
You shoot a sling bullet. The sling bullet barely misses Terence.
Terence hits you with a +0 flail.
You die...

######### #######
#.......# #.....#
#.#####.#
#.###.#######.#####.#
#.##............@##.#
#.##..#######.##@##.#
#.#...## #.##.##.#
#......# ##.##.##.###
#.#...## #..........#
#.#...# #.#)#.###..#
......# #.#.#.# #..#
####.## #.#.#.###..#
##'## #.#.#...#..#


You could see Terence.

Vanquished Creatures
  6 ball pythons (D:1)
  A giant cockroach (D:1)
  3 goblins (D:1)
  A hobgoblin (D:1)
  3 kobolds (D:1)
  2 rats (D:1)
16 creatures vanquished.

Notes
Turn   | Place    | Note
-------+----------+-------------------------------------------
     0 | D:1      | qw the Minotaur Hexslinger began the quest for the Orb.
     0 | D:1      | Reached XP level 1. HP: 16/16 MP: 1/1
     0 | D:1      | 0 ||| qw: Version: 0.3-a-51-g015441d
     0 | D:1      | 0 ||| qw: Game counter: 3933
     0 | D:1      | 0 ||| qw: Melee chars always use a shield: true
     0 | D:1      | 0 ||| qw: God list: Okawaru
     0 | D:1      | 0 ||| qw: Allow faded altars: false
     0 | D:1      | 0 ||| qw: Do Orc after clearing Dungeon:15 true
     0 | D:1      | 0 ||| qw: Do second Lair branch before Depths: true
     0 | D:1      | 0 ||| qw: Lair rune preference: random
     0 | D:1      | 0 ||| qw: Goals: Normal
     0 | D:1      | 0 ||| PLANNING D:1-11
   174 | D:1      | Reached skill level 3 in Ranged Weapons
   184 | D:1      | Reached XP level 2. HP: 23/23 MP: 2/2
   897 | D:1      | 897 ||| UPGRADING to +0 leather armour.
   907 | D:1      | 907 ||| DROPPING +0 robe.
   908 | D:1      | 908 ||| READING scroll labelled JONOBO FAOMIE.
   909 | D:1      | 909 ||| READING scroll labelled TOXKEONNAMM.
   910 | D:1      | 910 ||| READING scroll labelled ULIMUU MACUKIS.
   911 | D:1      | 911 ||| READING scroll labelled NYUNKA DAHEZIE.
   916 | D:1      | 916 ||| DRINKING 3 murky pink potions.
  1021 | D:1      | 1021 ||| DROPPING scroll of poison.
  1022 | D:1      | 1022 ||| DROPPING 2 potions of berserk rage.
  1081 | D:2      | Noticed Terence
  1087 | D:2      | 1087 ||| STAIRDANCE
  1090 | D:1      | HP: 1/24 [Terence/+0 flail (10)]
  1093 | D:1      | Slain by Terence

Levels and vault maps discovered:
D:1:      dpeg_arrival_rooms_a, layout_loops_corners, minmay_misc_feat_enclosed
D:2:      layout_basic, basic_altar, minmay_cut_off, uniq_crazy_yiuf_cottage,
          uniq_terence

Skill      XL: |  1  2 |
---------------+-------+-----
Ranged Weapons | 3 |  3.2
Fighting       | 2 |  2.0
Dodging        | |  2.1
Spellcasting   | |  1.0
Hexes          | |  2.0

Action                     || total
---------------------------++-------
   Fire: Sling             ||    53
    Use: Scroll            ||     4
         Potion            ||     1
 Armour: Robe              ||     2
         Leather armour    ||     1
  Dodge: Dodged            ||    17

Table legend:
 A = Non-vault XP
 B = Vault XP
 C = Vault XP percentage of total XP
 D = Non-vault monster count
 E = Vault monster count
 F = Vault count percentage of total count
                 A         B        C        D         E       F
            +---------+---------+-------+---------+---------+-------
      Total |      28 |       0 |   0.0 |      16 |       0 |   0.0
            +---------+---------+-------+---------+---------+-------
        D:1 |      28 |       0 |   0.0 |      16 |       0 |   0.0
            +---------+---------+-------+---------+---------+-------
